 Dungeon Crawl Stone Soup version 0.30-a0-972-gf3ab3527aa (webtiles) character file.

Game seed: 15586322454889821559

206 mopl the Chopper (level 5, 0/41 HPs)
             Began as a Demonspawn Fighter on Mar 31, 2023.
             Was an Initiate of Makhleb.
             Slain by a gnoll
             ... wielding a +2 whip of flaming
              (4 damage)
             ... on level 3 of the Dungeon.
             The game lasted 00:02:30 (1937 turns).

mopl the Chopper (Demonspawn Fighter)               Turns: 1937, Time: 00:02:31

Health: 0/41       AC:  7    Str: 19    XL:     5   Next: 53%
Magic:  5/5        EV: 16    Int:  9    God:    Makhleb [......]
Gold:   171        SH:  4    Dex: 12    Spells: 4/4 levels left

rFire   . . .      SeeInvis .    a - +0 war axe
rCold   . . .      Faith    .    c - +0 buckler
rNeg    . . .      Spirit   .    b - +0 scale mail
rPois   .          Reflect  .    m - +0 helmet
rElec   .          Rampage  .    (no cloak)
rCorr   +                        (no gloves)
Will    .....                    (no boots) Stlth
                                 (no amulet)
HPRegen 0.26/turn                e - ring of resist corrosion
MPRegen 0.09/turn                (no ring)

@: agile
A: repulsion field 1, powered by pain 1, demonic touch 1
a: Renounce Religion


You were on level 3 of the Dungeon.
You worshipped Makhleb.
Makhleb was noncommittal.
You visited 1 branch of the dungeon, and saw 3 of its levels.

You collected 171 gold pieces.

Inventory:

Hand Weapons
 a - a +0 war axe (weapon)
 u - a +3 hand axe
Missiles
 n - 6 javelins
 v - 3 boomerangs (quivered)
 w - 3 atropa-tipped darts
Armour
 b - a +0 scale mail (worn)
 c - a +0 buckler (worn)
 m - a +0 helmet (worn)
Jewellery
 e - a ring of resist corrosion (left hand)
Wands
 t - a wand of flame (6)
Scrolls
 f - 2 scrolls of vulnerability {unknown}
 g - 3 scrolls of identify {unknown}
 h - 2 scrolls of teleportation {unknown}
 i - a scroll of fear {unknown}
 p - 3 scrolls of immolation {unknown}
 q - a scroll of amnesia {unknown}
Potions
 d - 2 potions of might
 j - 3 potions of attraction {unknown}
 k - 2 potions of heal wounds {unknown}
 l - 2 potions of flight {unknown}
 o - 2 potions of curing {unknown}
 r - 3 potions of haste {unknown}
 s - a potion of cancellation {unknown}


   Skills:
 - Level 3.0 Fighting
 + Level 5.2 Axes
 - Level 2.6 Armour
 - Level 2.6 Shields
 + Level 1.2 Invocations


You had 4 spell levels left.
You didn't know any spells.
Your spell library contained the following spells:

 Spells                   Type           Power      Damage    Failure   Level
 Apportation              Tloc           0%         N/A       86%         1
 Passage of Golubria      Tloc           0%         N/A       100%        4
 Silence                  Hex/Air        0%         N/A       100%        5
 Lehudib's Crystal Spear  Conj/Erth      0%         10d2      100%        8


Dungeon Overview and Level Annotations

Branches:
Dungeon (3/15)

Altars:
Fedhas
Makhleb
Sif Muna
Trog


Innate Abilities, Weirdness & Mutations

You are surrounded by a mild repulsion field. (EV +2)
You sometimes gain a little power by taking damage.
Your touch may inflict minor irresistible damage on your foes.


Message History

You are too injured to fight recklessly!
You are too injured to fight recklessly!
You are too injured to fight recklessly!
You are too injured to fight recklessly!
You are too injured to fight recklessly!
You are too injured to fight recklessly!
You are too injured to fight recklessly!
You are too injured to fight recklessly!
You are too injured to fight recklessly!
Unknown command.
The adder barely misses you. The adder attacks as you move away!
The adder barely misses you. x2
The adder attacks as you move away! The adder bites you.
You are poisoned.
The adder poisons you!
You feel sick.
You feel sick. The adder barely misses you.
You slash the adder!
You kill the adder!
Makhleb accepts your kill.
You feel sick.
You are no longer poisoned.
You slash the gnoll!
The gnoll is severely wounded.
The gnoll hits you with a +0 flail!
* * * LOW HITPOINT WARNING * * *
You focus on the pain.
You feel agile all of a sudden.
You slash the gnoll!
You kill the gnoll!
Makhleb accepts your kill.
Your Invocations skill increases to level 1!
You completely miss the gnoll. The gnoll completely misses you.
You block the gnoll's attack.
You hit the gnoll.
The gnoll is heavily wounded.
The gnoll misses you.
You closely miss the gnoll.
The gnoll is heavily wounded.
The gnoll hits you with a +2 whip of flaming.
You die...

.# #.# #.#.# ## #.# #.#.# .#
#.# #.#.# .# #.# #.#.# .# #.#
#.#.# ##.#### #.# #...#
#..... #.# ###.# #... #.##
#####.#####.# #..#
#.....@g....#
#######.###.###.####.)##
#........†....#.####.....#
#.#####.###.#.#...##...#....#
#.#####.#.#.#.#.#.##.#.# .#.#
................#.##.#.## #
#.#####.....>...#.#......
#...........†.(#.##
###.#.#.#..........


You could see a gnoll.

Vanquished Creatures
  Jessica (D:3)
  5 gnolls
  7 adders
  2 dart slugs (D:2)
  3 orcs (D:3)
  10 ball pythons
  6 bats
  2 endoplasms
  3 giant cockroaches
  A goblin (D:1)
  7 hobgoblins
  4 jackals (D:1)
  3 kobolds
  A quokka (D:2)
  3 frilled lizards
  5 rats
63 creatures vanquished.

Notes
Turn   | Place    | Note
-------+----------+-------------------------------------------
     0 | D:1      | mopl the Demonspawn Fighter began the quest for the Orb.
     0 | D:1      | Reached XP level 1. HP: 18/18 MP: 1/1
    62 | D:1      | Reached skill level 2 in Axes
    79 | D:1      | Gained mutation: Your touch may inflict minor irresistible
                  | damage on your foes. [demonic ancestry]
    79 | D:1      | Reached XP level 2. HP: 22/24 MP: 2/2
   219 | D:1      | Reached skill level 3 in Axes
   219 | D:1      | Gained mutation: You sometimes gain a little power by
                  | taking damage. [demonic ancestry]
   219 | D:1      | Reached XP level 3. HP: 20/29 MP: 3/3
   568 | D:2      | Found a faded altar of an unknown god.
   895 | D:1      | Reached skill level 4 in Axes
   895 | D:1      | Reached XP level 4. HP: 29/35 MP: 4/4
  1579 | D:3      | Noticed Jessica
  1581 | D:3      | Killed Jessica
  1582 | D:3      | Gained mutation: You are surrounded by a mild repulsion
                  | field. (EV +2) [demonic ancestry]
  1582 | D:3      | Reached XP level 5. HP: 41/41 MP: 5/5
  1582 | D:3      | Found a shimmering blue altar of Sif Muna.
  1592 | D:3      | Reached skill level 5 in Axes
  1597 | D:3      | Got Sif Muna's Directory of the Vector
  1602 | D:3      | Found a bloodstained altar of Trog.
  1864 | D:3      | Found a burning altar of Makhleb.
  1864 | D:3      | Found a blossoming altar of Fedhas.
  1868 | D:3      | Became a worshipper of Makhleb the Destroyer
  1935 | D:3      | Reached skill level 1 in Invocations
  1937 | D:3      | Slain by a gnoll

Illustrated notes

Levels and vault maps discovered:
D:1:      heliophobic_arrival_dark_side_of_the_moon, layout_rooms,
          hangedman_abyss_or_decor_lesser_grid, dreamdust_princess_corridor
D:2:      minmay_evil_eye, layout_basic, hellmonk_ecumenical_altar_lost_god
D:3:      layout_loops_ring, nzn_overflow_gifts_of_might_and_magic,
          gammafunk_temple_overflow_wave

Skill      XL: |  1  2  3  4  5 |
---------------+----------------+-----
Axes           | 2 3 4 5 |  5.2
Invocations    | 1 |  1.2
Fighting       | |  3.0
Armour         | |  2.6
Shields        | |  2.6

Action                     |  1- 3 |  4- 6 || total
---------------------------+-------+-------++-------
  Melee: War axe           |    98 |    83 ||   181
 Armour: Scale mail        |    65 |    37 ||   102
  Dodge: Dodged            |    69 |    32 ||   101
  Block: Buckler           |    30 |    17 ||    47

Table legend: (Time is in decaauts)
 A = Elapsed time spent in this place.
 B = Non-inter-level travel time spent in this place.
 C = Inter-level travel time spent in this place.
 D = Time resting spent in this place.
 E = Time spent auto-exploring this place.
 F = Levels seen in this place.
 G = Mean time per level.
                   A        B        C        D        E       F      G
               +--------+--------+--------+--------+--------+-----+--------+
         Total |   2001 |   1949 |     52 |    212 |   1255 |   3 |  667.0 |
       Dungeon |   2001 |   1949 |     52 |    212 |   1255 |   3 |  667.0 |
               +--------+--------+--------+--------+--------+-----+--------+

Top non-repeatable levels by time:
     D:2: 751 daAuts
     D:1: 715 daAuts
     D:3: 535 daAuts
